[Event "FIDE WYCC Girls U18 2023"]
[Site "Montesilvano"]
[Date "2023.11.17"]
[Round "5.4"]
[White "Mihelic, Vesna"]
[Black "Luong, Hoang Tu Linh"]
[Result "1/2-1/2"]
[ECO "B51"]
[WhiteElo "2102"]
[BlackElo "1887"]
[Annotator "NA"]
[PlyCount "64"]
[EventDate "2023.11.13"]
[EventType "swiss"]
[EventCountry "ITA"]
[SourceTitle "playchess.com"]
[Source "ChessBase"]
[SourceQuality "1"]
[TimeControl "40/5400+30:1800+30"]

1. e4 c5 2. Nf3 d6 3. Bb5+ Nd7 4. d4 cxd4 5. Qxd4 a6 6. Be2 Ngf6 7. O-O g6 8. Nc3 Bg7 9. Rd1 O-O 10. Qe3 Ng4 11. Qg5 Nde5 12. Nxe5 Nxe5 13. Be3 Be6 14. f4 Nc4 15. Bxc4 Bxc4 16. Nd5 Bxd5 17. Qxd5 Qc7 18. c3 Rfd8 19. a4 e6 20. Qd3 d5 21. a5 Bf8 22. Bb6 Bc5+ 23. Bxc5 Qxc5+ 24. Qd4 Rac8 25. Qxc5 Rxc5 26. Ra4 Rb5 27. Rd2 Rc8 28. exd5 exd5 29. Rad4 Rxa5 30. Rxd5 Rxd5 31. Rxd5 Rc6 32. Kf2 Rb6 1/2-1/2

[Event "FIDE WYCC Girls U18 2023"]
[Site "Montesilvano"]
[Date "2023.11.17"]
[Round "5.5"]
[White "Bhagyashree Patil"]
[Black "Voriskova, Anna"]
[Result "1-0"]
[ECO "E58"]
[WhiteElo "1830"]
[BlackElo "2065"]
[Annotator "NA"]
[PlyCount "51"]
[EventDate "2023.11.13"]
[EventType "swiss"]
[EventCountry "ITA"]
[SourceTitle "playchess.com"]
[Source "ChessBase"]
[SourceQuality "1"]
[TimeControl "40/5400+30:1800+30"]

1. d4 Nf6 2. Nf3 d5 3. e3 e6 4. c4 Bb4+ 5. Nc3 O-O 6. Bd3 c5 7. a3 Bxc3+ 8. bxc3 Nc6 9. O-O Qc7 10. Bb2 Rd8 11. Qe2 b6 12. cxd5 exd5 13. c4 cxd4 14. cxd5 Rxd5 15. Nxd4 Ne5 16. Rac1 Qd8 17. Bb1 a5 18. Qc2 Rc5 19. Qa4 Bb7 20. Rxc5 bxc5 21. Nf5 Qc7 22. Qf4 Re8 23. Qg5 Ng6 24. Bxf6 Qc6 25. Bxg7 h6 26. Qg3 1-0

[Event "FIDE WYCC Girls U18 2023"]
[Site "Montesilvano"]
[Date "2023.11.17"]
[Round "5.6"]
[White "Trifoi, Mihaela-Ioana"]
[Black "Sovetbekova, Nurai"]
[Result "1-0"]
[ECO "B52"]
[WhiteElo "2021"]
[BlackElo "1801"]
[Annotator "NA"]
[PlyCount "143"]
[EventDate "2023.11.13"]
[EventType "swiss"]
[EventCountry "ITA"]
[SourceTitle "playchess.com"]
[Source "ChessBase"]
[SourceQuality "1"]
[TimeControl "40/5400+30:1800+30"]

1. e4 c5 2. Nf3 d6 3. Bb5+ Bd7 4. Bxd7+ Qxd7 5. O-O Nf6 6. Re1 Nc6 7. c3 e6 8. d4 cxd4 9. cxd4 d5 10. e5 Ne4 11. Nbd2 Nxd2 12. Bxd2 Bb4 13. Rc1 O-O 14. Rxc6 Qxc6 15. Bxb4 Rfc8 16. Bc3 Qa6 17. a3 Rc6 18. Re3 Rac8 19. Qc2 Qc4 20. h4 h6 21. Qd2 Qa2 22. Ne1 Qb1 23. Rd3 b5 24. Kh2 a5 25. Bxa5 Rc1 26. Rc3 Rc4 27. Rxc1 Rxc1 28. Bc3 Rd1 29. Qe2 Rc1 30. Kg1 Kh7 31. Kf1 g6 32. Qf3 Kg8 33. h5 gxh5 34. Qxh5 Qd3+ 35. Qe2 Qf5 36. Qd2 Rb1 37. Qxh6 Qd3+ 38. Kg1 Qe2 39. Qe3 Qd1 40. Kf1 Qh5 41. Qd3 Qh1+ 42. Ke2 Qh5+ 43. f3 Ra1 44. Qxb5 Qg5 45. Bd2 Qh4 46. Qb4 Qh7 47. Bg5 Qb1 48. Bh6 Kh7 49. Bd2 Qd1+ 50. Kf2 Kg7 51. Qc3 Rb1 52. g4 Kg8 53. Bh6 Kh7 54. Bg5 Kg8 55. Bf6 Rc1 56. Qe3 Kf8 57. Qh6+ Ke8 58. Qh8+ Kd7 59. Qd8+ Kc6 60. Qa8+ Kc7 61. Qa5+ Kc6 62. Qa6+ Kc7 63. Qd6+ Kb7 64. Qb4+ Kc6 65. Bg5 Rc4 66. Qd6+ Kb7 67. Be3 Qb3 68. Qe7+ Ka6 69. Qxf7 Qxb2+ 70. Kg3 Qc3 71. Ng2 Rc6 72. g5 1-0

[Event "FIDE WYCC Girls U18 2023"]
[Site "Montesilvano"]
[Date "2023.11.17"]
[Round "5.7"]
[White "Matute Escobar, Roxanny"]
[Black "Oviedo Acosta, Paula"]
[Result "*"]
[WhiteElo "1995"]
[BlackElo "1639"]
[Annotator "NA"]
[PlyCount "93"]
[EventDate "2023.11.13"]
[EventType "swiss"]
[EventCountry "ITA"]
[SourceTitle "playchess.com"]
[Source "ChessBase"]
[SourceQuality "1"]
[TimeControl "40/5400+30:1800+30"]

1. e4 c5 2. Nf3 e6 3. d4 cxd4 4. Nxd4 a6 5. Nc3 b5 6. a3 Bb7 7. Be2 Qc7 8. f4 Bc5 9. Be3 Nf6 10. Bf3 e5 11. Nf5 Bxe3 12. Nxe3 exf4 13. Nf5 O-O 14. O-O d5 15. Nxd5 Nxd5 16. exd5 Qe5 17. Qd3 Nd7 18. Rae1 Qxb2 19. c3 Qxa3 20. Re7 Qc5+ 21. Kh1 Rad8 22. Rfe1 Bc8 23. d6 Nf6 24. R7e5 Bxf5 25. Qxf5 Qxc3 26. Rd1 b4 27. Qxf4 Rfe8 28. Rxe8+ Rxe8 29. h3 a5 30. d7 Rd8 31. Qd6 h6 32. Qb6 Rxd7 33. Rxd7 Nxd7 34. Qd8+ Nf8 35. Qxa5 Qc1+ 36. Kh2 b3 37. Qb4 b2 38. Be4 g6 39. Qb8 Qc3 40. Bb1 Kg7 41. Ba2 Nd7 42. Qb7 Ne5 43. Qd5 h5 44. Qe4 Nd3 45. Qf3 Qc7+ 46. Kh1 Qc1+ 47. Kh2 *

[Event "FIDE WYCC Girls U18 2023"]
[Site "Montesilvano"]
[Date "2023.11.17"]
[Round "5.8"]
[White "Starosta, Martyna"]
[Black "Largo, Franchesca"]
[Result "1/2-1/2"]
[ECO "D31"]
[WhiteElo "2208"]
[BlackElo "1658"]
[Annotator "ChessBase"]
[PlyCount "213"]
[EventDate "2023.11.13"]
[EventType "swiss"]
[EventCountry "ITA"]
[SourceTitle "playchess.com"]
[Source "ChessBase"]
[SourceQuality "1"]
[TimeControl "40/5400+30:1800+30"]

1. d4 d5 2. c4 e6 3. Nc3 c6 4. e4 dxe4 5. Nxe4 Bb4+ 6. Bd2 Qxd4 7. Bxb4 Qxe4+ 8. Be2 Na6 9. Ba5 b6 10. Qd6 Bd7 11. Rd1 Rd8 12. Bc3 f6 13. Nf3 Nh6 14. Nd2 Qf5 15. O-O Qc5 16. Qg3 O-O 17. b4 Qe7 18. c5 Nf5 19. Qf4 Bc8 20. Bc4 Kh8 21. Rfe1 e5 22. Qe4 Nb8 23. Bd3 Qd7 24. Nf3 Qd5 25. Qe2 Qf7 26. h3 Nd4 27. Qe3 Nxf3+ 28. Qxf3 Be6 29. Qe4 Qg8 30. cxb6 axb6 31. a4 Bd5 32. Qe3 Nd7 33. a5 bxa5 34. bxa5 Ra8 35. Rb1 Qe6 36. Rb2 h6 37. Qg3 Rfe8 38. Rb7 c5 39. Qg6 e4 40. Rbb1 c4 41. Bc2 Qc6 42. Re3 Nf8 43. Qh5 Reb8 44. Rd1 Rd8 45. Rg3 Rd7 46. Qh4 Qe6 47. Re1 Re8 48. Rb1 Rb7 49. Rd1 Rd7 50. Rb1 Rb7 51. Re1 f5 52. Qh5 Kh7 53. a6 Rf7 54. Qd1 Ra8 55. Qd4 Raa7 56. f3 Qd6 57. Kf2 Ne6 58. Qe5 Qxe5 59. Bxe5 Rxa6 60. fxe4 fxe4+ 61. Kg1 Nc5 62. Rb1 Re6 63. Bd4 Nb3 64. Bc3 Kg8 65. Rd1 Bc6 66. Rd8+ Kh7 67. Rc8 Bd5 68. Rb8 Nc1 69. Re3 Nd3 70. Rd8 Rf5 71. Rd7 Rg6 72. g4 h5 73. Rg3 Bc6 74. Rxg7+ Rxg7 75. Bxg7 Rf7 76. Bc3 h4 77. Re3 Kg6 78. Be1 Kg5 79. Bd2 Kf6 80. Bd1 Ke5 81. Bc3+ Ke6 82. g5 Kf5 83. Bd2 Nf4 84. Rc3 Bd5 85. Ra3 Re7 86. Ra5 e3 87. Be1 Kg6 88. Bxh4 e2 89. Bc2+ Kh5 90. Be1 Be4 91. Bxe4 Rxe4 92. h4 Nd3 93. Ra1 Rg4+ 94. Kh2 Rf4 95. Bd2 Rf1 96. Ra4 Rc1 97. g6 Kxg6 98. Ra6+ Kf5 99. h5 e1=Q 100. Bxe1 Nxe1 101. h6 Nf3+ 102. Kg2 Ng5 103. Ra5+ Kg6 104. Rxg5+ Kxh6 105. Rc5 Kg6 106. Kf2 Kf6 107. Ke3 1/2-1/2

[Event "FIDE WYCC Girls U18 2023"]
[Site "Montesilvano"]
[Date "2023.11.17"]
[Round "5.9"]
[White "Gasimova, Samra"]
[Black "Abrisqueta Zudaire, Leyre"]
[Result "1/2-1/2"]
[ECO "E48"]
[WhiteElo "1860"]
[BlackElo "2137"]
[Annotator "NA"]
[PlyCount "68"]
[EventDate "2023.11.13"]
[EventType "swiss"]
[EventCountry "ITA"]
[SourceTitle "playchess.com"]
[Source "ChessBase"]
[SourceQuality "1"]
[TimeControl "40/5400+30:1800+30"]

1. d4 Nf6 2. c4 e6 3. Nc3 Bb4 4. e3 O-O 5. Bd3 d5 6. Nge2 dxc4 7. Bxc4 c5 8. O-O cxd4 9. exd4 Nc6 10. Bg5 Be7 11. a3 h6 12. Bf4 b6 13. d5 Na5 14. Ba2 exd5 15. Nxd5 Ba6 16. Re1 Nxd5 17. Bxd5 Rc8 18. Ng3 Bf6 19. Nf5 Bc4 20. Nd6 Rc5 21. Bxc4 Nxc4 22. Nxc4 Rxc4 23. Be5 Bxe5 24. Rxe5 Qxd1+ 25. Rxd1 Rc2 26. Re7 a5 27. b4 axb4 28. axb4 Rb2 29. g3 Rxb4 30. Rdd7 g5 31. Rb7 Kg7 32. Rec7 b5 33. Kg2 Rb2 34. Rc5 b4 1/2-1/2

[Event "FIDE WYCC Girls U18 2023"]
[Site "Montesilvano"]
[Date "2023.11.17"]
[Round "5.10"]
[White "Cornileau, Juliette"]
[Black "Groeschel, Karoline"]
[Result "1/2-1/2"]
[ECO "E54"]
[WhiteElo "2089"]
[BlackElo "1924"]
[Annotator "NA"]
[PlyCount "72"]
[EventDate "2023.11.13"]
[EventType "swiss"]
[EventCountry "ITA"]
[SourceTitle "playchess.com"]
[Source "ChessBase"]
[SourceQuality "1"]
[TimeControl "40/5400+30:1800+30"]

1. d4 Nf6 2. c4 e6 3. Nc3 Bb4 4. e3 O-O 5. Bd3 d5 6. Nf3 dxc4 7. Bxc4 c5 8. O-O cxd4 9. exd4 b6 10. Bg5 h6 11. Bh4 Bb7 12. Rc1 Nc6 13. Re1 Rc8 14. Bd3 Be7 15. a3 Nh5 16. Bxe7 Nxe7 17. Be4 Bxe4 18. Nxe4 Rxc1 19. Qxc1 Nd5 20. Qd2 Nhf6 21. Nc3 Nxc3 22. Qxc3 Qd6 23. Rc1 Nd5 24. Qd3 Rd8 25. g3 Ne7 26. Qe4 Qd5 27. Qf4 Nc6 28. Ne5 Nxe5 29. dxe5 Qd2 30. Qxd2 Rxd2 31. Rc8+ Kh7 32. Rc7 Kg6 33. b4 a5 34. Rb7 Ra2 35. Rxb6 Rxa3 36. Kg2 axb4 1/2-1/2

[Event "FIDE WYCC Girls U18 2023"]
[Site "Montesilvano"]
[Date "2023.11.17"]
[Round "5.11"]
[White "Liu, Kelsey"]
[Black "Sipos, Stefania"]
[Result "1-0"]
[ECO "B06"]
[WhiteElo "2051"]
[BlackElo "1932"]
[Annotator "NA"]
[PlyCount "81"]
[EventDate "2023.11.13"]
[EventType "swiss"]
[EventCountry "ITA"]
[SourceTitle "playchess.com"]
[Source "ChessBase"]
[SourceQuality "1"]
[TimeControl "40/5400+30:1800+30"]

1. e4 g6 2. d4 Bg7 3. Nf3 d6 4. Bc4 c6 5. Bb3 Nf6 6. Qe2 O-O 7. O-O Qc7 8. e5 dxe5 9. dxe5 Nd5 10. c4 Nb6 11. Bf4 Bg4 12. Nbd2 N8d7 13. Qe3 Qc8 14. h3 Bxf3 15. Nxf3 Kh8 16. h4 h5 17. Ng5 e6 18. f3 Qc7 19. Rae1 Nc8 20. Qc3 Ne7 21. g4 Rac8 22. Rf2 b5 23. c5 a5 24. Bh2 Qa7 25. Qd4 Rcd8 26. gxh5 Nf5 27. Qg4 Nh6 28. Qf4 gxh5 29. Ne4 Rg8 30. Kh1 Nf5 31. Qg5 Bh6 32. Qxh5 Rg6 33. Rd1 Ng7 34. Qxg6 fxg6 35. Rg2 Kh7 36. Bc2 Nf5 37. h5 Rg8 38. Rxd7+ Qxd7 39. Nf6+ Kh8 40. Nxd7 Ne3 41. Rxg6 1-0

[Event "FIDE WYCC Girls U18 2023"]
[Site "Montesilvano"]
[Date "2023.11.17"]
[Round "5.12"]
[White "Shohradova, Lala"]
[Black "Striskova, Lucia"]
[Result "1-0"]
[ECO "A46"]
[WhiteElo "1846"]
[BlackElo "2039"]
[Annotator "NA"]
[PlyCount "55"]
[EventDate "2023.11.13"]
[EventType "swiss"]
[EventCountry "ITA"]
[SourceTitle "playchess.com"]
[Source "ChessBase"]
[SourceQuality "1"]
[TimeControl "40/5400+30:1800+30"]

1. d4 Nf6 2. Nf3 e6 3. c4 d5 4. g3 Bb4+ 5. Nc3 dxc4 6. Bg2 b5 7. a4 c6 8. axb5 cxb5 9. Ne5 Nd5 10. O-O Bxc3 11. bxc3 O-O 12. Ba3 Nxc3 13. Qc2 Nd5 14. Bxf8 Qxf8 15. Rfb1 Qe8 16. Ra5 a6 17. Be4 h6 18. Rbxb5 Qxb5 19. Rxb5 axb5 20. Qb1 Ba6 21. Nxf7 Kxf7 22. Bxd5 exd5 23. Qf5+ Ke8 24. Qe6+ Kd8 25. Qxd5+ Kc8 26. Qxa8 b4 27. Qf3 c3 28. Qf8+ 1-0

[Event "FIDE WYCC Girls U18 2023"]
[Site "Montesilvano"]
[Date "2023.11.17"]
[Round "5.13"]
[White "Menon, Gauri"]
[Black "Margadgua Erdenebayar"]
[Result "0-1"]
[ECO "D30"]
[WhiteElo "1821"]
[BlackElo "2013"]
[Annotator "NA"]
[PlyCount "56"]
[EventDate "2023.11.13"]
[EventType "swiss"]
[EventCountry "ITA"]
[SourceTitle "playchess.com"]
[Source "ChessBase"]
[SourceQuality "1"]
[TimeControl "40/5400+30:1800+30"]

1. d4 d5 2. Nf3 Nf6 3. c4 e6 4. e3 c6 5. Nbd2 b6 6. b3 Bb7 7. Bd3 Be7 8. O-O O-O 9. Bb2 Nbd7 10. Ne5 dxc4 11. Ndxc4 b5 12. Nxd7 Nxd7 13. Ne5 Nxe5 14. dxe5 g6 15. Qe2 a6 16. f4 c5 17. Rad1 Qb6 18. Qf2 Qc6 19. h4 Bxh4 20. Qe2 Rfc8 21. Bb1 Rd8 22. Qg4 Rxd1 23. Rxd1 Rd8 24. Rxd8+ Bxd8 25. f5 exf5 26. Bxf5 h5 27. Qh3 gxf5 28. Qg3+ Qg6 0-1

[Event "FIDE WYCC Girls U18 2023"]
[Site "Montesilvano"]
[Date "2023.11.17"]
[Round "5.14"]
[White "Blanquet, Camille"]
[Black "Nguyen, Thien Ngan"]
[Result "1/2-1/2"]
[ECO "D35"]
[WhiteElo "1953"]
[BlackElo "1891"]
[Annotator "NA"]
[PlyCount "188"]
[EventDate "2023.11.13"]
[EventType "swiss"]
[EventCountry "ITA"]
[SourceTitle "playchess.com"]
[Source "ChessBase"]
[SourceQuality "1"]
[TimeControl "40/5400+30:1800+30"]

1. d4 Nf6 2. c4 e6 3. Nc3 d5 4. cxd5 Nxd5 5. e4 Nxc3 6. bxc3 b6 7. Nf3 Bb7 8. Bb5+ c6 9. Bd3 Be7 10. Rb1 O-O 11. h4 c5 12. h5 cxd4 13. cxd4 Nc6 14. h6 g6 15. Bb2 Qc7 16. O-O Rfd8 17. Qd2 Nb4 18. Rbc1 Qd7 19. Bb1 Rac8 20. Rfd1 Rxc1 21. Rxc1 Nc6 22. Rd1 Na5 23. Ne5 Qe8 24. Qf4 f6 25. Ng4 Qf7 26. Rc1 Bc6 27. d5 exd5 28. Nxf6+ Bxf6 29. Bxf6 Rf8 30. e5 Nc4 31. Qd4 Qe6 32. Bd3 Bb5 33. Bc2 Re8 34. Bb3 Ba6 35. Qf4 Nxe5 36. Rc7 Nf7 37. Bg7 Bc4 38. Bxc4 dxc4 39. Rxc4 b5 40. Rc7 a6 41. Bc3 Rd8 42. Qf3 Qd5 43. Qxd5 Rxd5 44. Bg7 g5 45. Ra7 Rd6 46. Ra8+ Nd8 47. Be5 Rd1+ 48. Kh2 Kf7 49. Rxa6 Ne6 50. f3 Rd5 51. Bc3 Rc5 52. Bg7 Rc2 53. Be5 Re2 54. Bg3 Nd4 55. Kg1 Re6 56. Rxe6 Kxe6 57. Be1 Kf5 58. Kf2 g4 59. Bc3 Ne6 60. Ke3 gxf3 61. gxf3 Kg6 62. Ke4 Ng5+ 63. Kd5 Nxf3 64. Bg7 Kf7 65. Kc5 Ke7 66. Kxb5 Kd7 67. Kb6 Kc8 68. Bf6 Nd2 69. a4 Kd7 70. Kb7 Nc4 71. Bc3 Nd6+ 72. Kb8 Nc4 73. a5 Nxa5 74. Bxa5 Ke7 75. Kc7 Kf7 76. Kd7 Kf8 77. Ke6 Kg8 78. Bc3 Kf8 79. Kf6 Kg8 80. Bd4 Kf8 81. Ke6 Kg8 82. Be3 Kf8 83. Bc1 Kg8 84. Ba3 Kh8 85. Kf6 Kg8 86. Bb2 Kf8 87. Ba3+ Kg8 88. Ke7 Kh8 89. Bb2+ Kg8 90. Kf6 Kf8 91. Be5 Kg8 92. Ke6 Kf8 93. Kf6 Kg8 94. Ba1 Kf8 1/2-1/2

[Event "FIDE WYCC Girls U18 2023"]
[Site "Montesilvano"]
[Date "2023.11.17"]
[Round "5.15"]
[White "Hakobyan, Astghik"]
[Black "Hyatt, Jessica"]
[Result "1-0"]
[ECO "C12"]
[WhiteElo "2073"]
[BlackElo "1818"]
[Annotator "NA"]
[PlyCount "71"]
[EventDate "2023.11.13"]
[EventType "swiss"]
[EventCountry "ITA"]
[SourceTitle "playchess.com"]
[Source "ChessBase"]
[SourceQuality "1"]
[TimeControl "40/5400+30:1800+30"]

1. e4 e6 2. d4 d5 3. Nc3 Nf6 4. Bg5 Bb4 5. e5 h6 6. Be3 Ne4 7. Qg4 Kf8 8. a3 Bxc3+ 9. bxc3 c5 10. Bd3 Nxc3 11. dxc5 Nc6 12. Nf3 f5 13. exf6 Qxf6 14. Nh4 Ne5 15. Qg3 Kg8 16. Bd4 Nxd3+ 17. Qxd3 Qxh4 18. Qxc3 Qe4+ 19. Kf1 Kh7 20. Re1 Qg6 21. Re3 Rg8 22. h4 b6 23. c6 Ba6+ 24. Kg1 Rac8 25. c7 Bc4 26. Be5 b5 27. Rhh3 d4 28. Qxd4 Qxc2 29. Rhg3 Bd5 30. Qg4 g5 31. Qb4 Rxc7 32. Bxc7 Qxc7 33. hxg5 Rxg5 34. Rc3 Qg7 35. Qb1+ Rg6 36. Rxg6 1-0

[Event "FIDE WYCC Girls U18 2023"]
[Site "Montesilvano"]
[Date "2023.11.17"]
[Round "5.16"]
[White "Kurmangaliyeva, Liya"]
[Black "Lindstad, Livia"]
[Result "1-0"]
[ECO "E12"]
[WhiteElo "2236"]
[BlackElo "1848"]
[Annotator "ChessBase"]
[PlyCount "73"]
[EventDate "2023.11.13"]
[EventType "swiss"]
[EventCountry "ITA"]
[SourceTitle "playchess.com"]
[Source "ChessBase"]
[SourceQuality "1"]
[TimeControl "40/5400+30:1800+30"]

1. d4 Nf6 2. c4 e6 3. Nf3 b6 4. a3 Ba6 5. Qc2 c5 6. e4 d5 7. e5 Nfd7 8. Bg5 Be7 9. Bxe7 Qxe7 10. cxd5 exd5 11. Bxa6 Nxa6 12. Nc3 Nc7 13. O-O O-O 14. Rfe1 c4 15. h4 h6 16. Ne2 Rfd8 17. Ng3 Nf8 18. Nf5 Qe6 19. h5 Nh7 20. Re3 Ne8 21. Nh2 Ng5 22. Ng3 Qc6 23. f4 Ne6 24. Nf5 Qd7 25. Rf1 b5 26. Rg3 Kf8 27. Ng4 Qb7 28. Qd1 Qb6 29. Kh2 a5 30. Ngxh6 Nxd4 31. Qg4 Ne6 32. Nxf7 Kxf7 33. Qg6+ Kf8 34. h6 Nf6 35. hxg7+ Nxg7 36. Qxg7+ Ke8 37. Qe7# 1-0

[Event "FIDE WYCC Girls U18 2023"]
[Site "Montesilvano"]
[Date "2023.11.17"]
[Round "5.17"]
[White "Sevcikova, Lucia"]
[Black "Egger, Stefanie"]
[Result "1-0"]
[ECO "E33"]
[WhiteElo "2047"]
[BlackElo "1784"]
[Annotator "NA"]
[PlyCount "79"]
[EventDate "2023.11.13"]
[EventType "swiss"]
[EventCountry "ITA"]
[SourceTitle "playchess.com"]
[Source "ChessBase"]
[SourceQuality "1"]
[TimeControl "40/5400+30:1800+30"]

1. d4 Nf6 2. c4 e6 3. Nc3 Bb4 4. Qc2 Nc6 5. Nf3 d6 6. Bd2 O-O 7. a3 Bxc3 8. Bxc3 a5 9. e4 e5 10. Bd3 Re8 11. O-O Bg4 12. d5 Ne7 13. Nd2 Nh5 14. b4 a4 15. f3 Bd7 16. g3 Ng6 17. Rf2 Qg5 18. Kh1 Rf8 19. Nf1 Qd8 20. Ne3 b6 21. Bd2 Kh8 22. c5 bxc5 23. bxc5 dxc5 24. Qxc5 c6 25. d6 Re8 26. Bc4 Kg8 27. Nf5 Nf6 28. Rb1 Rb8 29. Rxb8 Qxb8 30. Bb4 Kh8 31. Bxf7 Rf8 32. Bxg6 hxg6 33. Ne7 Qe8 34. Be1 Kh7 35. Qxe5 Qf7 36. Qg5 Ng8 37. Nxg8 Kxg8 38. Qe7 Qxe7 39. dxe7 Rc8 40. Rd2 1-0

[Event "FIDE WYCC Girls U18 2023"]
[Site "Montesilvano"]
[Date "2023.11.17"]
[Round "5.18"]
[White "Dakic, Marta"]
[Black "Soares, Sara Joana De Moura "]
[Result "1-0"]
[ECO "C02"]
[WhiteElo "2013"]
[BlackElo "1772"]
[Annotator "NA"]
[PlyCount "137"]
[EventDate "2023.11.13"]
[EventType "swiss"]
[EventCountry "ITA"]
[SourceTitle "playchess.com"]
[Source "ChessBase"]
[SourceQuality "1"]
[TimeControl "40/5400+30:1800+30"]

1. e4 e6 2. d4 d5 3. e5 c5 4. c3 Nc6 5. Nf3 Bd7 6. Be2 Nh6 7. O-O Qb6 8. dxc5 Bxc5 9. b4 Be7 10. b5 Na5 11. a4 Nf5 12. Bd3 Nh6 13. Ra2 Rc8 14. Bxh6 gxh6 15. Nd4 Nc4 16. Qh5 Bc5 17. Bxc4 dxc4 18. Qxh6 Bxd4 19. cxd4 Qxd4 20. Qg7 Rf8 21. Rd2 Qe4 22. Rfd1 Rd8 23. Nc3 Qf5 24. Rxd7 Rxd7 25. Rxd7 Kxd7 26. Qxf8 Qxe5 27. Qxf7+ Kc8 28. Qe8+ Kc7 29. b6+ Kxb6 30. Qd8+ Kc5 31. Qd2 Kb4 32. Qb2+ Ka5 33. Kf1 a6 34. g3 b5 35. axb5 axb5 36. Qa3+ Kb6 37. Qb4 Qf5 38. Qd6+ Ka5 39. Qa3+ Kb6 40. Qd6+ Ka5 41. Qa3+ Kb6 42. Qb4 Kc6 43. h4 Qd3+ 44. Ke1 Qf5 45. Qa5 Qe5+ 46. Kd1 Qb8 47. Qa6+ Kc5 48. Qxe6 Kb4 49. Qe3 Qd6+ 50. Qd2 Qe5 51. Qb2+ Ka5 52. Qxb5+ Qxb5 53. Nxb5 Kxb5 54. h5 Kc5 55. h6 Kd5 56. g4 Ke5 57. g5 Kf5 58. f4 Kg6 59. Kd2 Kf5 60. Kc3 Kg6 61. Kxc4 Kf7 62. Kd5 Ke7 63. f5 Kf7 64. Ke5 Kf8 65. g6 hxg6 66. fxg6 Kg8 67. Kf6 Kh8 68. g7+ Kg8 69. h7+ 1-0

[Event "FIDE WYCC Girls U18 2023"]
[Site "Montesilvano"]
[Date "2023.11.17"]
[Round "5.19"]
[White "Sosovickova, Jana"]
[Black "O'Carroll, Om"]
[Result "1-0"]
[ECO "B62"]
[WhiteElo "2013"]
[BlackElo "1737"]
[Annotator "NA"]
[PlyCount "131"]
[EventDate "2023.11.13"]
[EventType "swiss"]
[EventCountry "ITA"]
[SourceTitle "playchess.com"]
[Source "ChessBase"]
[SourceQuality "1"]
[TimeControl "40/5400+30:1800+30"]

1. e4 c5 2. Nf3 d6 3. d4 cxd4 4. Nxd4 Nf6 5. Nc3 Nc6 6. Bg5 e6 7. Bb5 Bd7 8. Qd3 Nxd4 9. Bxd7+ Qxd7 10. Qxd4 Be7 11. O-O-O a6 12. Bxf6 Bxf6 13. Qxd6 Qxd6 14. Rxd6 Bxc3 15. bxc3 Rc8 16. Rhd1 O-O 17. Kb2 h6 18. Rd7 b5 19. R1d6 Rc4 20. Rxa6 Rfc8 21. Rad6 R8c5 22. Rd4 Rxc3 23. Rd2 R3c4 24. Rd8+ Kh7 25. R8d4 Kg6 26. Rxc4 Rxc4 27. f3 Kf6 28. Kb3 Ke7 29. c3 f6 30. Rd4 Rc7 31. Kb4 Ra7 32. Rd2 Rb7 33. Ka5 Rc7 34. Kxb5 Rxc3 35. a4 Rb3+ 36. Kc4 Ra3 37. Kb4 Ra1 38. h3 Rb1+ 39. Ka5 Ra1 40. Kb5 Rb1+ 41. Ka5 g6 42. Ka6 Rb3 43. a5 Rb4 44. Ka7 Rb5 45. a6 Rb4 46. h4 Rb3 47. Rd4 Rb2 48. Rd3 Rb4 49. g4 Rb2 50. Ka8 Rb6 51. a7 Rb4 52. Rd2 Rb3 53. f4 Rb4 54. g5 hxg5 55. hxg5 f5 56. e5 Rb3 57. Rh2 Kd7 58. Rh8 Kc7 59. Re8 Rd3 60. Re7+ Kb6 61. Rxe6+ Kc7 62. Re7+ Kb6 63. Rb7+ Kc6 64. e6 Re3 65. e7 Re2 66. Kb8 1-0

[Event "FIDE WYCC Girls U18 2023"]
[Site "Montesilvano"]
[Date "2023.11.17"]
[Round "5.20"]
[White "Skarbarchuk, Tetyana"]
[Black "Swara Lakshmi S Nair"]
[Result "1/2-1/2"]
[ECO "D85"]
[WhiteElo "2010"]
[BlackElo "1659"]
[Annotator "NA"]
[PlyCount "107"]
[EventDate "2023.11.13"]
[EventType "swiss"]
[EventCountry "ITA"]
[SourceTitle "playchess.com"]
[Source "ChessBase"]
[SourceQuality "1"]
[TimeControl "40/5400+30:1800+30"]

1. d4 Nf6 2. c4 g6 3. Nc3 d5 4. cxd5 Nxd5 5. Bd2 Nb6 6. Bf4 Bg7 7. e3 c5 8. dxc5 Qxd1+ 9. Nxd1 Na4 10. Bb5+ Bd7 11. Bxa4 Bxa4 12. Ne2 Na6 13. Ndc3 Bc6 14. O-O Nxc5 15. Rad1 O-O 16. Nd5 Rae8 17. Nec3 b6 18. Bg5 f6 19. Bh4 Bxd5 20. Nxd5 e6 21. Nc7 Rc8 22. Bg3 e5 23. Nd5 Kf7 24. f3 Rfd8 25. Bf2 Bf8 26. Rd2 Rd7 27. Rfd1 Rcd8 28. e4 Ne6 29. Rc2 Bc5 30. Rdc1 a5 31. Kf1 Bxf2 32. Kxf2 Nf4 33. Nxf4 exf4 34. Rc7 Ke6 35. R1c6+ Rd6 36. Ke2 h5 37. h3 f5 38. Rxd6+ Rxd6 39. Rc8 fxe4 40. Re8+ Kf6 41. Rxe4 Kf5 42. Rc4 Rd5 43. h4 g5 44. hxg5 Kxg5 45. b4 axb4 46. Rxb4 b5 47. a4 bxa4 48. Rxa4 Rb5 49. Kf2 Rb2+ 50. Kg1 Kh4 51. Kh2 Kg5 52. Ra5+ Kh4 53. Rf5 Rxg2+ 54. Kxg2 1/2-1/2

[Event "FIDE WYCC Girls U18 2023"]
[Site "Montesilvano"]
[Date "2023.11.17"]
[Round "5.21"]
[White "Tikvesli, Ceylin"]
[Black "Barwinska, Ewa"]
[Result "0-1"]
[ECO "B40"]
[WhiteElo "1736"]
[BlackElo "1974"]
[Annotator "NA"]
[PlyCount "84"]
[EventDate "2023.11.13"]
[EventType "swiss"]
[EventCountry "ITA"]
[SourceTitle "playchess.com"]
[Source "ChessBase"]
[SourceQuality "1"]
[TimeControl "40/5400+30:1800+30"]

1. e4 c5 2. Nf3 e6 3. c3 Nf6 4. e5 Nd5 5. d4 cxd4 6. cxd4 d6 7. a3 Nc6 8. Bd3 g6 9. Qe2 Bg7 10. O-O O-O 11. Qe4 f5 12. exf6 Qxf6 13. Bg5 Qf5 14. Be3 Nf6 15. Qxf5 gxf5 16. Nc3 Bd7 17. Rfd1 d5 18. Rac1 Ne4 19. g3 Be8 20. Be2 Bh5 21. Ng5 Nxc3 22. Bxh5 Nxd1 23. Rxd1 Rf6 24. Bf4 Bh6 25. h4 Bxg5 26. hxg5 Rff8 27. Re1 Nxd4 28. Be5 Nc6 29. Bd6 e5 30. Bxf8 Rxf8 31. b4 a6 32. a4 e4 33. b5 axb5 34. axb5 Ne5 35. Rd1 Rd8 36. Rd4 Kf8 37. Bd1 Ke7 38. Kg2 Kd6 39. Rb4 Kc5 40. Rb2 d4 41. Kf1 Nc4 42. Bb3 Nxb2 0-1

[Event "FIDE WYCC Girls U18 2023"]
[Site "Montesilvano"]
[Date "2023.11.17"]
[Round "5.22"]
[White "Sasvatha A"]
[Black "Follana Albelda, Lucia"]
[Result "1-0"]
[ECO "A47"]
[WhiteElo "1568"]
[BlackElo "1946"]
[Annotator "NA"]
[PlyCount "131"]
[EventDate "2023.11.13"]
[EventType "swiss"]
[EventCountry "ITA"]
[SourceTitle "playchess.com"]
[Source "ChessBase"]
[SourceQuality "1"]
[TimeControl "40/5400+30:1800+30"]

1. d4 Nf6 2. Nf3 b6 3. Bf4 Bb7 4. e3 Nh5 5. Bg5 h6 6. Bh4 g5 7. Ne5 Nf6 8. Bg3 d6 9. Nf3 Ne4 10. Nbd2 Nxg3 11. hxg3 Bg7 12. c3 e6 13. a4 a6 14. Qb3 Nd7 15. Bd3 c5 16. Qc2 Rc8 17. Qd1 Qe7 18. Qe2 Ra8 19. Rd1 O-O 20. Nc4 f5 21. dxc5 bxc5 22. Na5 Be4 23. Bxe4 fxe4 24. Nh2 Ne5 25. Ng4 Nf7 26. Nc4 Rfb8 27. a5 Ra7 28. Nb6 d5 29. f3 exf3 30. gxf3 Qe8 31. Qc2 h5 32. Rxh5 Kf8 33. Qg6 Nd6 34. Qxg5 Rf7 35. Ne5 Rf5 36. Rh8+ Bxh8 37. Nbd7+ Qxd7 38. Nxd7+ Kf7 39. Qh4 Rg8 40. f4 Ke8 41. Nxc5 Kf7 42. g4 Rf6 43. Nd7 Rfg6 44. g5 Bg7 45. Qh7 Nc4 46. b3 Rh8 47. Qxh8 Bxh8 48. bxc4 Bxc3+ 49. Ke2 Ke7 50. Nb8 dxc4 51. Rc1 Bxa5 52. Nc6+ Kd6 53. Nxa5 Rg8 54. Rxc4 e5 55. Rc6+ Kd5 56. Rxa6 exf4 57. exf4 Ke4 58. Rf6 Ra8 59. Nb3 Ra2+ 60. Nd2+ Kd5 61. g6 Ra8 62. f5 Ke5 63. Rf7 Rg8 64. g7 Kf4 65. f6 Kg5 66. Rf8 1-0